 Dungeon Crawl Stone Soup version 0.20.0-8-g6b59dc7 (webtiles) character file.

212 lauthentik the Conjurer (level 5, -5/39 HPs)
             Began as a Draconian Conjurer on June 1, 2017.
             Was an Initiate of Sif Muna.
             Slain by a hippogriff (9 damage)
             ... on level 7 of the Dungeon.
             The game lasted 00:07:03 (2512 turns).

lauthentik the Conjurer (Draconian Conjurer)        Turns: 2512, Time: 00:07:04

Health: -5/39      AC:  6    Str: 10    XL:     5   Next: 58%
Magic:  4/8        EV: 12    Int: 16    God:    Sif Muna [......]
Gold:   136        SH:  0    Dex: 12    Spells: 5/9 levels left

rFire    . . .     SeeInvis .   p - +1 mace (drain)
rCold    . . .     Gourm    .   (no shield)
rNeg     . . .     Faith    .   (armour unavailable)
rPois    .         Spirit   .   (helmet restricted)
rElec    .         Reflect  .   (no cloak)
rCorr    .         Harm     .   c - +0 pair of gloves
MR       .....                  (no boots)
Stlth    ++........             (no amulet)
Regen    0.2/turn               (no ring)
MPRegen  0.2/turn               (no ring)

@: very slightly contaminated, drained
A: unfitting armour, cold-blooded, AC +5
a: Renounce Religion


You were on level 7 of the Dungeon.
You worshipped Sif Muna.
Sif Muna was noncommittal.
You were hungry.

You visited 2 branches of the dungeon, and saw 6 of its levels.

You collected 136 gold pieces.

Inventory:

Hand Weapons
 j - a +0 dagger
 m - a +0 battleaxe
 p - a +1 mace of draining (weapon)
Missiles
 r - 2 tomahawks (quivered)
Armour
 c - a +0 pair of gloves (worn)
Scrolls
 e - a scroll of recharging {unknown}
 g - 5 scrolls of fog {unknown}
 h - a scroll of blinking {unknown}
 i - a scroll of remove curse {unknown}
 k - 3 scrolls of identify {unknown}
 l - a scroll of teleportation {unknown}
 o - a scroll of amnesia {unknown}
Potions
 n - a potion of curing
Books
 a - a book of Conjurations

   Spells                             Type                      Level
   a - Magic Dart                     Conjuration                  1
   b - Searing Ray                    Conjuration                  2
   c - Dazzling Spray                 Conjuration/Hexes            3
   d - Fulminant Prism                Conjuration/Hexes            4
   e - Force Lance                    Conjuration/Translocation    4
   f - Iskenderun's Mystic Blast      Conjuration                  4
Comestibles
 b - 3 bread rations
 d - 4 fruits
 f - 5 royal jellies


   Skills:
 + Level 0.9(0.0) Fighting
 + Level 0.2(0.0) Short Blades
 + Level 1.1(0.2) Axes
 + Level 0.2(0.0) Maces & Flails
 + Level 2.5(1.6) Dodging
 + Level 2.1(1.1) Stealth
 + Level 1.1(0.1) Unarmed Combat
 + Level 2.6(1.6) Spellcasting
 + Level 5.6(4.5) Conjurations


You had 5 spell levels left.
You knew the following spells:

 Your Spells              Type           Power        Failure   Level  Hunger
a - Magic Dart            Conj           ###.         3%          1    ##.....
b - Dazzling Spray        Conj/Hex       #.....       26%         3    ####...


Dungeon Overview and Level Annotations

Branches:
Dungeon (4/15)             Temple (1/1) D:4

Altars:
Ashenzari
Fedhas
Hepliaklqana
Makhleb
Qazlal
Ru
Sif Muna
Trog
Uskayaw
Zin
The Shining One


Innate Abilities, Weirdness & Mutations

Your plain brown scales are hard. (AC +5)
You cannot fit into any form of body armour.
You are cold-blooded and may be slowed by cold attacks.


Message History

The orc wizard is severely wounded.
The orc wizard barely misses you.
The hippogriff bites you but does no damage.
The hippogriff barely misses you. x2
Casting: Magic Dart
Confirm with . or Enter, or press ? or * to list all spells.
Aiming: Magic Dart
Press: ? - help, Shift-Dir - straight line, f/p - orc wizard
Aim: an orc wizard, wielding a dagger and wearing a robe (severely wounded)
The magic dart hits the orc wizard.
You kill the orc wizard!
Sif Muna accepts your kill.
The hippogriff bites you but does no damage.
The hippogriff pecks you.
* * * LOW HITPOINT WARNING * * *
The hippogriff misses you.
You closely miss the hippogriff. The hippogriff bites you.
* * * LOW HITPOINT WARNING * * *
The hippogriff pecks you!
You die...

.....Z.....# ...........#
H...# ....$.o.=..# ....#
...........# ....#
...........# ....#
...%.......# ....#
...........## ....#
............##########....#
............oo@H.....'....+
.########.##Z#######.#....#
#.##.# #.#....# +.##+#
#.###### ### #.# #.# #.#
#.# #.#


You could see a hippogriff, 2 orcs and a hound skeleton.

Vanquished Creatures
  An orc warrior (D:7)
  An orc wizard (D:7)
  4 adders
  An ooze (D:1)
  A worm (D:3)
  A dart slug (D:2)
  4 leopard geckos
  4 orcs
  A ball python (D:1)
  3 giant cockroaches
  2 goblins
  5 hobgoblins
  4 kobolds
  A quokka (D:2)
  5 bats
  3 frilled lizards
  7 rats
48 creatures vanquished.

Notes
Turn   | Place    | Note
-------+----------+-------------------------------------------
     0 | D:1      | lauthentik the Draconian Conjurer began the quest for the Orb.
     0 | D:1      | Reached XP level 1. HP: 14/14 MP: 3/3
   258 | D:1      | Reached XP level 2. HP: 20/20 MP: 0/5
   857 | D:2      | Reached XP level 3. HP: 22/26 MP: 0/6
   862 | D:2      | Learned a level 3 spell: Dazzling Spray
  1494 | D:3      | Reached skill level 5 in Conjurations
  1590 | D:3      | Reached XP level 4. HP: 31/33 MP: 0/7
  1910 | D:4      | Found a staircase to the Ecumenical Temple.
  1916 | Temple   | Entered the Ecumenical Temple
  2047 | Temple   | Became a worshipper of Sif Muna the Loreminder
  2207 | D:4      | You fall through a shaft for 3 floors!
  2214 | D:7      | Noticed an orc warrior
  2221 | D:7      | Killed an orc warrior
  2221 | D:7      | Reached skill level 1 in Axes
  2221 | D:7      | Reached skill level 1 in Unarmed Combat
  2221 | D:7      | Reached XP level 5. HP: 32/39 MP: 3/8
  2471 | D:7      | Noticed a hippogriff
  2512 | D:7      | Slain by a hippogriff

Skill      XL: |  1  2  3  4 |
---------------+-------------+-----
Dodging        | 2 |  2.5
Conjurations   | 5 |  5.6
Axes           | 1 |  1.1
Stealth        | 2 |  2.1
Unarmed Combat | 1 |  1.1
Fighting       | |  0.9
Short Blades   | |  0.2
Maces & Flails | |  0.2
Spellcasting   | |  2.6

Action                   |  1- 3 |  4- 6 || total
-------------------------+-------+-------++-------
Melee: Unarmed           |    42 |       ||    42
       Tailslap          |     5 |     7 ||    12
       Dagger            |     9 |    21 ||    30
       Battleaxe         |       |     9 ||     9
       Mace              |       |     6 ||     6
 Cast: Magic Dart        |    72 |    24 ||    96
       Dazzling Spray    |       |     1 ||     1
  Use: Potion            |       |     1 ||     1
  Eat: Chunk             |     3 |     3 ||     6
Armor: Skin              |    21 |    15 ||    36
Dodge: Dodged            |    43 |    35 ||    78
